 Dungeon Crawl Stone Soup version 0.24.0-29-g8ce449bc06 (webtiles) character file.

Game seed: 975694718351957860, levelgen mode: deterministic

36271 Metae the Demolition Dwarf (level 13, -1/123 HPs)
             Began as a Deep Dwarf Fighter on Nov 13, 2019.
             Was an Elder of Makhleb.
             Succumbed to a redback's poison
             ... on level 1 of the Spider Nest on Nov 14, 2019.
             The game lasted 02:05:08 (16146 turns).

Metae the Demolition Dwarf (Deep Dwarf Fighter)    Turns: 16146, Time: 02:05:08

Health: -1/123     AC: -4    Str: 25    XL:     13   Next: 52%
Magic:  13/13      EV:  9    Int:  9    God:    Makhleb [****..]
Gold:   1064       SH:  8    Dex: 16    Spells: 12/12 levels left

rFire    + + +     SeeInvis .   C - +8 flail of Quick Death {flame, rF+ Dex+4}
rCold    . . .     Gourm    .   Q - +2 buckler
rNeg     + . .     Faith    .   n - +0 fire dragon scales
rPois    .         Spirit   .   o - +2 helmet
rElec    .         Reflect  .   (no cloak)
rCorr    .         Harm     .   E - +0 pair of gloves
MR       +....                  W - +2 pair of boots {Stlth+}
Stlth    +.........             y - amulet of rage
HPRegen  0.00/turn              k - ring of protection from cold
MPRegen  0.13/turn              K - ring of positive energy

@: lethally poisoned (-1 -> -115), corroded, very slightly contaminated,
non-regenerating
A: damage resistance, heal wounds, sense surroundings 2, no regeneration
a: Heal Wounds, Minor Destruction, Lesser Servant of Makhleb, Major Destruction,
Renounce Religion, Evoke Berserk Rage


You were on level 1 of the Spider Nest.
You worshipped Makhleb.
Makhleb was greatly pleased with you.
You were not hungry.

You visited 4 branches of the dungeon, and saw 17 of its levels.

You collected 1064 gold pieces.

Inventory:

Hand Weapons
 d - a +2 flail of protection
 x - a +5 flail of holy wrath
 C - the +8 flail of Quick Death (weapon) {flame, rF+ Dex+4}
   (You took it off a gnoll on level 5 of the Dungeon)

   It has been specially enchanted to burn those struck by it, causing extra
   injury to most foes and up to half again as much damage against particularly
   susceptible opponents.
   It affects your dexterity (+4).
   It protects you from fire.
 P - a +0 battleaxe
Missiles
 e - 27 boomerangs (quivered)
Armour
 b - a +0 scale mail
 n - +0 fire dragon scales (worn)
 o - a +2 helmet (worn)
 s - a +2 chain mail
 E - a +0 pair of gloves (worn)
 Q - a +2 buckler (worn)
 W - a +2 pair of boots of stealth (worn)
 Z - a +0 helmet
Jewellery
 k - a ring of protection from cold (left hand)
 y - an amulet of rage (around neck)
 A - an uncursed ring of ice
 K - a ring of positive energy (right hand)
Wands
 p - a wand of scattershot (4)
 B - a wand of acid (9)
 F - a wand of polymorph (3)
 H - a wand of flame (24)
 O - a wand of digging (4)
 X - a wand of iceblast (6)
Scrolls
 a - a scroll of holy word
 c - a scroll of enchant armour
 i - 2 scrolls of enchant weapon
 j - 9 scrolls of remove curse
 w - a scroll of noise
 G - 6 scrolls of teleportation
 I - 3 scrolls of fog
 J - 3 scrolls of amnesia
 L - 2 scrolls of magic mapping
 M - 2 scrolls of blinking
 U - 2 scrolls of fear
Potions
 g - 2 potions of berserk rage
 h - 7 potions of flight
 l - 4 potions of magic
 m - 2 potions of mutation
 q - 2 potions of agility
 t - 2 potions of haste
 u - a potion of brilliance
 v - a potion of resistance {unknown}
 N - 2 potions of lignification
 R - 3 potions of cancellation
 S - 2 potions of ambrosia
 T - 2 potions of curing
Miscellaneous
 Y - a phial of floods (inert)
Comestibles
 f - 26 rations
 z - 7 chunks of flesh


   Skills:
 + Level 9.9 Fighting
 - Level 2.1(8.7) Axes
 + Level 11.9(12.0) Maces & Flails
 + Level 2.1 Throwing
 + Level 9.4 Armour
 - Level 8.5 Shields
 + Level 14.6 Invocations
 - Level 9.1 Evocations


You had 12 spell levels left.
You didn't know any spells.
Your spell library contained the following spells:

 Spells                   Type           Power        Failure   Level  Hunger
 Confusing Touch          Hex            #.....       67%         1    ##.....
 Corona                   Hex            #......      67%         1    ##.....
 Flame Tongue             Conj/Fire      #....        67%         1    ##.....
 Freeze                   Ice            #...         67%         1    ##.....
 Summon Small Mammal      Summ           #...         67%         1    ##.....
 Call Imp                 Summ           #.......     82%         2    ###....
 Slow                     Hex            #.......     82%         2    ###....
 Throw Flame              Conj/Fire      #.....       82%         2    ###....
 Throw Frost              Conj/Ice       #.....       82%         2    ###....
 Call Canine Familiar     Summ           #.......     96%         3    ####...
 Confuse                  Hex            #.......     96%         3    ####...
 Conjure Flame            Conj/Fire      #.......     96%         3    ####...
 Gell's Gravitas          Tloc           #.........   96%         3    ####...
 Ignite Poison            Fire/Tmut/Pois #.......     96%         3    ####...
 Inner Flame              Hex/Fire       #.......     96%         3    ####...
 Ozocubu's Armour         Chrm/Ice       #.......     96%         3    ####...
 Portal Projectile        Hex/Tloc       #.....       96%         3    ####...
 Summon Guardian Golem    Hex/Summ       #.......     96%         3    ####...
 Cause Fear               Hex            #.........   100%        4    #####..
 Leda's Liquefaction      Hex/Erth       #.........   100%        4    #####..
 Petrify                  Tmut/Erth      #.......     100%        4    #####..
 Sticky Flame             Conj/Fire      #.......     100%        4    #####..
 Summon Ice Beast         Ice/Summ       #.......     100%        4    #####..
 Summon Lightning Spire   Summ/Air       #.......     100%        4    #####..
 Throw Icicle             Conj/Ice       #.......     100%        4    #####..
 Fireball                 Conj/Fire      #.........   100%        5    ######.
 Metabolic Englaciation   Hex/Ice        #.........   100%        5    ######.
 Yara's Violent Unravell  Hex/Tmut       #.........   100%        5    ######.
 Bolt of Fire             Conj/Fire      #.........   100%        6    #######
 Ring of Flames           Chrm/Fire      #.........   100%        7    #######
 Ignition                 Fire           #.........   100%        8    #######


Dungeon Overview and Level Annotations

Branches:
Dungeon (8/15)             Temple (0/1) D:5            Lair (6/6) D:8
 Shoals (2/4) Lair:3       Spider (1/4) Lair:3
  Slime: Lair:5-6

Altars:
Makhleb

Shops:
D:7 ?   Shoals:1 :

Annotations:
Lair:4 3 runed translucent doors, Kyusiynim's ghost, journeyman GnEn; Odimp's ghost, journeyman KoWn; Wairalebb's ghost, journeyman BaFi
Lair:5 exclusion: oklob plant


Innate Abilities, Weirdness & Mutations

You are resistant to damage.
You can heal yourself by infusing magical energy.
You passively map the area around you.
You do not regenerate.


Message History

You feel much better.
* * * LOW HITPOINT WARNING * * *
You feel very sick. The redback bites you.
* * * LOW HITPOINT WARNING * * *
You are more poisoned.
The redback poisons you!
* * * LOW HITPOINT WARNING * * *
You feel extremely sick.
* * * LOW HITPOINT WARNING * * *
You feel extremely sick.
There is a crawl-hole back to the Lair here.
You feel much better.
* * * LOW HITPOINT WARNING * * *
You feel very sick. The redback bites you!
* * * LOW HITPOINT WARNING * * *
You are more poisoned.
The redback poisons you!
You die...

, **, , ,.. * , , ,,...
* , ,, , ..,.#####..# ,
, . * ##. .....^#.##* ..
#..#*#.....#.## *#..
#..*#........####.# *
#.##............##* , *
#s@#.....^.......# ***
##s#.............#
*#.a†a.........#*
*...###..†.......s###.#
*................§..†..#
.................####..
,.................# * ,
,...............^##
,...............## *


You could see an entropy weaver and 2 redbacks.

Vanquished Creatures
  A merfolk javelineer (Shoals:2)
  Josephine (Lair:6)
  A fire dragon (Lair:6)
  4 hydras
  Harold (Lair:2)
  A catoblepas (Lair:4)
  A merfolk avatar (Shoals:1)
  Urug (Lair:1)
  A sea snake (Shoals:1)
  A lindwurm (Lair:6)
  2 harpies (Shoals:2)
  2 manticores
  A wolf spider (Spider:1)
  A merfolk siren (Shoals:2)
  3 black mambas (Lair:6)
  An elephant (Lair:4)
  3 molten gargoyles (Lair:6)
  11 spiny frogs
  2 rime drakes
  A demonic crawler (Lair:3)
  3 komodo dragons
  A wind drake (Shoals:2)
  4 merfolk
  3 jumping spiders (Spider:1)
  4 polar bears
  6 hippogriffs
  Grinder (D:3)
  5 blink frogs (Lair:6)
  13 yaks
  7 wyverns
  A water elemental (Shoals:2)
  Eustachio (D:6)
  5 redbacks (Spider:1)
  2 wraiths (Lair:6)
  2 basilisks
  A steam dragon (Lair:6)
  5 water moccasins
  10 porcupines
  2 hell hounds (Lair:6)
  An orc warrior (D:8)
  3 ice beasts
  A necrophage (D:7)
  3 black bears
  A phantom (D:4)
  5 wolves (Lair:6)
  3 ogres
  10 crocodiles
  3 centaurs
  2 big kobolds
  9 bullfrogs
  3 scorpions
  An electric eel (D:6)
  A howler monkey (D:4)
  3 crimson imps
  2 lava snakes (Lair:6)
  A bullfrog zombie (D:5)
  2 centaur zombies
  8 hounds
  3 orc wizards
  4 orc priests
  A bullfrog skeleton (D:8)
  An iguana (D:4)
  11 worker ants
  A worker ant zombie (D:5)
  11 gnolls
  12 adders
  3 shadow imps
  An ooze (D:3)
  2 worms
  2 adder skeletons (D:8)
  11 dart slugs
  4 leopard geckos
  30 orcs
  4 ball pythons
  6 bats
  9 giant cockroaches
  8 goblins
  3 hobgoblins
  9 jackals
  4 quokkas
  3 frilled lizards (D:1)
  A jackal skeleton (D:5)
  8 kobolds
  A leopard gecko zombie (D:5)
  A quokka zombie (D:8)
  A rat (D:3)
333 creatures vanquished.

Vanquished Creatures (collateral kills)
  A hydra (Lair:2)
  Erica (Lair:2)
  A harpy (Shoals:2)
  A torpor snail (Lair:6)
  A spiny frog (Lair:1)
  2 komodo dragons
  A merfolk (Shoals:1)
  A hippogriff (Lair:2)
  3 blink frogs (Lair:6)
  11 yaks
  3 wraiths (Lair:6)
  2 wyverns
  A steam dragon (Lair:6)
  3 water moccasins
  A porcupine (Lair:2)
  A black bear (Lair:1)
  2 crocodiles (Lair:1)
  2 bullfrogs (Lair:2)
  3 lava snakes (Lair:6)
  A fungus (Lair:4)
  2 plants
44 creatures vanquished.

Vanquished Creatures (others)
  A basilisk (Lair:6)
  A hell hound (Lair:6)
  4 fungi (D:8)
  A plant (Lair:6)
  4 withered plants (Lair:4)
11 creatures vanquished.

Grand Total: 388 creatures vanquished

Notes
Turn   | Place    | Note
-------+----------+-------------------------------------------
     0 | D:1      | Metae the Deep Dwarf Fighter began the quest for the Orb.
     0 | D:1      | Reached XP level 1. HP: 20/20 MP: 1/1
   296 | D:1      | Reached XP level 2. HP: 28/28 MP: 2/2
   740 | D:2      | Reached XP level 3. HP: 32/36 MP: 3/3
  1080 | D:2      | Reached XP level 4. HP: 31/45 MP: 4/4
  1494 | D:2      | Reached skill level 5 in Fighting
  2381 | D:3      | Reached XP level 5. HP: 51/52 MP: 5/5
  2550 | D:3      | Noticed Grinder
  2551 | D:3      | Paralysed by Grinder for 6 turns
  2561 | D:3      | Paralysed by Grinder for 2 turns
  2594 | D:3      | Paralysed by Grinder for 4 turns
  2601 | D:3      | Paralysed by Grinder for 2 turns
  2620 | D:3      | Killed Grinder
  2620 | D:3      | Reached XP level 6. HP: 49/63 MP: 6/6
  2923 | D:3      | Found a burning altar of Makhleb.
  2936 | D:3      | Became a worshipper of Makhleb the Destroyer
  3514 | D:4      | Noticed a water moccasin
  3556 | D:4      | Killed a water moccasin
  3556 | D:4      | Reached XP level 7. HP: 27/72 MP: 6/8
  4166 | D:4      | Reached * piety under Makhleb
  4188 | D:4      | Reached skill level 5 in Evocations
  4188 | D:4      | Reached XP level 8. HP: 38/81 MP: 11/11
  4535 | D:5      | Entered Level 5 of the Dungeon
  4840 | D:5      | Reached skill level 1 in Maces & Flails
  4840 | D:5      | Reached skill level 1 in Throwing
  4926 | D:5      | Found a staircase to the Ecumenical Temple.
  4986 | D:5      | Identified the +8 flail of Quick Death {flame, rF+ Dex+4}
  5247 | D:5      | Reached ** piety under Makhleb
  5510 | D:6      | Reached skill level 1 in Invocations
  5752 | D:6      | Reached skill level 2 in Invocations
  5955 | D:6      | Noticed Eustachio
  5973 | D:6      | Reached skill level 3 in Invocations
  5994 | D:6      | Killed Eustachio
  5994 | D:6      | Gained mutation: You passively map the area around you.
                  | [Deep Dwarf growth]
  5994 | D:6      | Reached XP level 9. HP: 68/90 MP: 14/14
  6750 | D:7      | Reached skill level 4 in Invocations
  6815 | D:7      | Reached *** piety under Makhleb
  6911 | D:7      | Found Ephosej's Magic Scroll Boutique.
  7329 | D:8      | Reached skill level 5 in Invocations
  7377 | D:8      | Found a staircase to the Lair.
  7398 | D:8      | Reached skill level 5 in Maces & Flails
  7400 | D:8      | Reached skill level 6 in Invocations
  7468 | D:8      | Reached XP level 10. HP: 55/99 MP: 16/16
  8266 | Lair:1   | Entered Level 1 of the Lair of Beasts
  8314 | Lair:1   | Noticed a spiny frog
  8321 | Lair:1   | Killed a spiny frog
  8321 | Lair:1   | Reached skill level 7 in Invocations
  8375 | Lair:1   | Noticed a spiny frog
  8387 | Lair:1   | Killed a spiny frog
  8473 | Lair:1   | Reached **** piety under Makhleb
  8605 | Lair:1   | Noticed Urug
  8624 | Lair:1   | Killed Urug
  8624 | Lair:1   | Reached skill level 5 in Shields
  8624 | Lair:1   | Reached skill level 8 in Invocations
  9105 | Lair:2   | Noticed Erica
  9113 | Lair:2   | Killed Erica
  9113 | Lair:2   | Reached skill level 9 in Invocations
  9150 | Lair:2   | Reached XP level 11. HP: 51/108 MP: 15/17
  9766 | Lair:2   | Noticed Harold
  9779 | Lair:2   | Killed Harold
 10162 | Lair:3   | Reached skill level 10 in Invocations
 10167 | Lair:3   | Noticed a six-headed hydra
 10343 | Lair:2   | Killed a six-headed hydra
 10827 | Lair:3   | Found a hole to the Spider Nest.
 10872 | Lair:3   | Reached skill level 11 in Invocations
 11334 | Lair:3   | Found a staircase to the Shoals.
 11873 | Lair:4   | Noticed a four-headed hydra
 11884 | Lair:4   | Killed a four-headed hydra
 11919 | Lair:4   | Noticed a four-headed hydra
 11929 | Lair:4   | Killed a four-headed hydra
 12112 | Lair:4   | Reached XP level 12. HP: 63/116 MP: 15/15
 12277 | Lair:4   | Noticed a catoblepas
 12286 | Lair:4   | Killed a catoblepas
 12389 | Lair:4   | Found a runed translucent gate.
 12390 | Lair:4   | Found a runed translucent gate.
 12390 | Lair:4   | Found a runed translucent gate.
 12391 | Lair:4   | Noticed Odimp's ghost (journeyman KoWn)
 12392 | Lair:4   | Noticed Kyusiynim's ghost (journeyman GnEn)
 12392 | Lair:4   | Noticed Wairalebb's ghost (journeyman BaFi)
 12976 | Lair:5   | Reached skill level 12 in Invocations
 12983 | Lair:5   | Reached skill level 5 in Armour
 13767 | Lair:6   | Entered Level 6 of the Lair of Beasts
 13827 | Lair:5   | Reached skill level 10 in Maces & Flails
 14316 | Lair:6   | Reached skill level 13 in Invocations
 14375 | Lair:6   | Noticed Josephine
 14383 | Lair:6   | Killed Josephine
 14705 | Lair:6   | Found a large runed translucent door.
 14706 | Lair:6   | Found a large runed translucent door.
 14712 | Lair:6   | Noticed a fire dragon
 14760 | Lair:6   | Noticed a five-headed hydra
 14769 | Lair:6   | Noticed a five-headed hydra
 14803 | Lair:6   | Killed a five-headed hydra
 14814 | Lair:6   | Killed a five-headed hydra
 14814 | Lair:6   | Reached XP level 13. HP: 57/122 MP: 17/17
 15012 | Lair:6   | Killed a fire dragon
 15012 | Lair:6   | Reached skill level 14 in Invocations
 15388 | Shoals:1 | Entered Level 1 of the Shoals
 15391 | Shoals:1 | Found Zutaifupp's Book Shop.
 15810 | Shoals:2 | Noticed a merfolk javelineer
 15822 | Shoals:2 | Killed a merfolk javelineer
 16029 | Spider:1 | Entered Level 1 of the Spider Nest
 16104 | Spider:1 | Noticed an entropy weaver
 16141 | Spider:1 | HP: 5/123 [poisoned by a redback]
 16144 | Spider:1 | HP: 1/123 [poisoned by a redback]
 16146 | Spider:1 | Succumbed to a redback's poison

Levels and vault maps discovered:
D:1:      lightli_arrival_noodles, layout_basic
D:2:      layout_basic, serial_co_window_serial, co_window_corner_a,
          co_window_corner_a, co_window_corner_a, co_window_corner_a,
          co_window_corner_a, co_window_2corner, co_window_broadway_b,
          co_window_corner_b, co_window_unsneaky_path_d, co_window_paths_e,
          co_window_4corner_b, glass_columns_c, glass_columns_a,
          grunt_decor_fettered, minmay_misc_feat_five, grunt_decor_cap
D:3:      layout_loops_ring, makhleb_heckhound_becter, kennysheep_doodads,
          wad_orctagon, uniq_grinder
D:4:      minmay_chambers_of_threes, layout_basic
D:5:      layout_gridville, minmay_temple_entry_poolview, first_ration
D:6:      kennysheep_slugbush, layout_loops_ring, uniq_eustachio
D:7:      layout_loops_ring, serial_shops, shop_scrolls
D:8:      layout_loops_ring, due_lair_maze_entry_diamond, blue_anna_alchemist
          [blue_anna_fruit_fields, blue_anna_fruit_fields]
Lair:1:   layout_roguey, grunt_megastairs_3, lemuel_fruit_tree, uniq_urug
Lair:2:   layout_regular_city, lemuel_fruit_fields, serial_bayou_shore_b,
          uniq_erica, uniq_harold
Lair:3:   layout_cave_shapes, elwin_shoals_entry_rocks,
          nicolae_spider_entry_non_spiders, chequers_serial_rivers_micro_a,
          beast_lair_carwin_8, serial_bayou_shore_a
Lair:4:   layout_regular_city, gammafunk_ghost_cemetery, beast_lair_carwin_6
Lair:5:   layout_loops_ring, minmay_slime_entry_oklob_enclosed
Lair:6:   cheibrodos_lair_end_hotspot, layout_big_grid, uniq_josephine
Shoals:1: layout_shoals, serial_shops, nicolae_shop_stone
Shoals:2: layout_shoals
Spider:1: layout_chambers

Skill      XL: |  1  2  3  4  5  6  7  8  9 10 11 12 13 |
---------------+----------------------------------------+-----
Fighting       | 3 4 5 6 7 8 9 |  9.9
Evocations     | 2 5 7 8 9 |  9.1
Maces & Flails | 3 5 7 9 11 | 11.9
Throwing       | 1 2 |  2.1
Invocations    | 3 6 9 11 13 14 | 14.6
Shields        | 6 8 |  8.5
Armour         | 4 8 9 |  9.4
Axes           | |  2.1

Action                   |  1- 3 |  4- 6 |  7- 9 | 10-12 | 13-15 || total
-------------------------+-------+-------+-------+-------+-------++-------
Melee: War axe           |    62 |   131 |       |       |       ||   193
       Flail             |       |    45 |   403 |   521 |   182 ||  1151
Invok: Minor Destruction |       |       |     3 |     4 |       ||     7
       Lesser Servant of |       |       |       |    25 |     6 ||    31
       Major Destruction |       |       |       |     1 |       ||     1
 Abil: Heal Wounds       |       |     5 |     5 |    22 |    19 ||    51
       Evoke Berserk Rag |       |       |     1 |     2 |       ||     3
Evoke: Phial of floods   |       |       |       |       |     1 ||     1
  Use: Scroll            |       |     6 |     7 |    13 |     4 ||    30
       Potion            |       |     1 |       |    16 |     3 ||    20
 Stab: Distracted        |       |       |       |     2 |     6 ||     8
  Eat: Chunk             |     1 |     4 |     8 |     8 |     2 ||    23
       Ration            |       |     1 |     2 |     5 |     1 ||     9
Armor: Scale mail        |    28 |     2 |       |       |       ||    30
       Chain mail        |       |   124 |   305 |   424 |    16 ||   869
       Fire dragon scale |       |       |       |       |   115 ||   115
Dodge: Dodged            |    24 |    42 |    98 |   250 |   110 ||   524
Block: Shield            |    29 |    91 |   222 |    74 |       ||   416
       Buckler           |       |       |       |   263 |   106 ||   369
